SL
LONG ISLAND LIGHTHOUSE @ DETROIT ELITE
07/20/2042
 
TOP OF THE 1ST
Long Island Lighthouse batting - Pitching for Detroit Elite : RHP Jubal Ropp
Pitching: RHP Jubal Ropp
Batting: RHB Eugene Bennett 0-0: Foul Ball, location: 2F
0-1: Called Strike
0-2: Foul Ball, location: 2F
0-2: Ball
1-2: SINGLE (Groundball, 6D, EV 103.1 MPH)
Batting: RHB Mark Toope 0-0: Ball
1-0: Ball
2-0: Called Strike
Eugene Bennett is caught stealing 2nd base 2-4
2-1: Foul Ball, location: 2F
2-2: DOUBLE (Line Drive, 78XD, EV 101.2 MPH)
Batting: RHB Jonas van Claveren 0-0: Ball
1-0: Foul Ball, location: 2F
1-1: Ball
Mark Toope steals 3rd, throwing error, E2
Mark Toope scores
2-1: Foul Ball, location: 2F
2-2: Fly out, F8 (Line Drive, 8LD, EV 92.5 MPH)
Batting: LHB Scott Kerin 0-0: Ball
1-0: Ball
2-0: Foul Ball, location: 2F
2-1: Swinging Strike
2-2: Ball
3-2: Ground out U3 (Groundball, 3, EV 80.0 MPH)
Top of the 1st over - 1 run, 2 hits, 1 error, 0 left on base; Long Island 1 - Detroit 0
BOTTOM OF THE 1ST
Detroit Elite batting - Pitching for Long Island Lighthouse : RHP Clarence Jones
Pitching: RHP Clarence Jones
Batting: RHB Dejmi Dumervil 0-0: Ball
1-0: SINGLE (Groundball, 56, EV 80.0 MPH) (infield hit)
Batting: RHB Jeff Solís 0-0: Fly out, F9 (Flyball, 9, EV 97.5 MPH)
Batting: LHB Jack McCusker 0-0: Ball
1-0: Swinging Strike
1-1: Ball
2-1: Ball
3-1: Fielders Choice at 2nd, 6-4 (Groundball, 56, EV 103.1 MPH)
Batting: RHB Amon-Ra St. Brown 0-0: Ball
1-0: Ball
2-0: Called Strike
2-1: Ground out 5-3 (Groundball, 56S, EV 70.0 MPH)
Bottom of the 1st over - 0 runs, 1 hit, 0 errors, 1 left on base; Long Island 1 - Detroit 0
TOP OF THE 2ND
Long Island Lighthouse batting - Pitching for Detroit Elite : RHP Jubal Ropp
Batting: RHB Iiri Haapajarvi 0-0: Ball
1-0: Foul Ball, location: 2F
1-1: Ball
2-1: Swinging Strike
2-2: Ground out 6-3 (Groundball, 6, EV 80.6 MPH)
Pitching: RHP Shiki Yamamoto
Batting: RHB Colm Goodwill 0-0: Ball
1-0: SOLO HOME RUN (Flyball, 7D, EV 103.1 MPH), Distance : 365 ft
Batting: RHB Oliver Villalva 0-0: Reached on error, E5 (Groundball, 56S, EV 81.2 MPH)
Batting: RHB Quan Easterling Pickoff Throw to First - Out! 1-3
0-0: SINGLE (Line Drive, 7S, EV 109.4 MPH)
Batting: RHB Carlos Mendoza 0-0: Ball
1-0: Ball
2-0: SINGLE (Flyball, 7LS, EV 98.8 MPH)
Quan Easterling to second
Batting: RHB Eugene Bennett 0-0: Ball
1-0: Called Strike
1-1: Ball
2-1: Fielders Choice at 2nd, 6-4 (Groundball, 6, EV 83.1 MPH)
Top of the 2nd over - 1 run, 3 hits, 1 error, 2 left on base; Long Island 2 - Detroit 0
BOTTOM OF THE 2ND
Detroit Elite batting - Pitching for Long Island Lighthouse : RHP Clarence Jones
Batting: LHB Murray Sperber 0-0: Foul Ball, location: 2F
0-1: Ground out 3-1 (Groundball, 34, EV 100.0 MPH)
Batting: RHB Freedon Akinmoladun 0-0: Called Strike
0-1: Ground out 4-3 (Groundball, 4, EV 104.4 MPH)
Batting: RHB Juan Amengual 0-0: Called Strike
0-1: Fly out, F8 (Flyball, 8LD, EV 88.8 MPH)
Bottom of the 2nd over - 0 runs, 0 hits, 0 errors, 0 left on base; Long Island 2 - Detroit 0
TOP OF THE 3RD
Long Island Lighthouse batting - Pitching for Detroit Elite : RHP Shiki Yamamoto
Batting: RHB Mark Toope 0-0: Foul Ball, location: 2F
0-1: Foul Ball, location: 2F
0-2: Ball
1-2: Ball
2-2: Ground out 2-3 (Groundball, 15S, EV 69.4 MPH)
Batting: RHB Jonas van Claveren 0-0: Called Strike
0-1: Ball
1-1: Foul Ball, location: 2F
1-2: Foul Ball, location: 2F
1-2: Foul Ball, location: 2F
1-2: Ground out 1-3 (Groundball, 13S, EV 64.4 MPH)
Batting: LHB Scott Kerin 0-0: Ball
1-0: Called Strike
1-1: Ball
2-1: Fly out, F8 (Line Drive, 8LM, EV 87.5 MPH)
Top of the 3rd over - 0 runs, 0 hits, 0 errors, 0 left on base; Long Island 2 - Detroit 0
BOTTOM OF THE 3RD
Detroit Elite batting - Pitching for Long Island Lighthouse : RHP Clarence Jones
Batting: RHB Víctor Cuevas 0-0: Foul Ball, location: 2F
0-1: Ball
1-1: Fly out, F6 (Popup, P, EV 77.5 MPH)
Batting: RHB Sergio Aguero 0-0: Called Strike
0-1: Ground out U3 (Groundball, 3S, EV 86.9 MPH)
Batting: RHB Dejmi Dumervil 0-0: Ball
1-0: SINGLE (Line Drive, 6MD, EV 99.4 MPH)
Batting: RHB Jeff Solís 0-0: Swinging Strike
0-1: Ball
1-1: Swinging Strike
1-2: Strikes out swinging
Bottom of the 3rd over - 0 runs, 1 hit, 0 errors, 1 left on base; Long Island 2 - Detroit 0
TOP OF THE 4TH
Long Island Lighthouse batting - Pitching for Detroit Elite : RHP Shiki Yamamoto
Batting: RHB Iiri Haapajarvi 0-0: Called Strike
0-1: Foul Ball, location: 2F
0-2: Ball
1-2: Strikes out looking
Batting: RHB Colm Goodwill 0-0: Foul Ball, location: 2F
0-1: Called Strike
0-2: Hit by Pitch
Batting: RHB Oliver Villalva 0-0: Ball
1-0: Swinging Strike
1-1: Foul Ball, location: 2F
1-2: Ball
2-2: Fielders Choice at 2nd, 1-4 (Groundball, 15, EV 69.4 MPH)
Batting: RHB Quan Easterling 0-0: Ball
1-0: 2-RUN HOME RUN (Line Drive, 7LD, EV 108.1 MPH), Distance : 371 ft
Batting: RHB Carlos Mendoza 0-0: Ball
1-0: Called Strike
1-1: Fly out, F4 (Popup, 4D, EV 47.5 MPH)
Top of the 4th over - 2 runs, 1 hit, 0 errors, 0 left on base; Long Island 4 - Detroit 0
BOTTOM OF THE 4TH
Detroit Elite batting - Pitching for Long Island Lighthouse : RHP Clarence Jones
Batting: LHB Jack McCusker 0-0: Foul Ball, location: 2F
0-1: Called Strike
0-2: Ground out 4-3 (Groundball, 4, EV 81.9 MPH)
Batting: RHB Amon-Ra St. Brown 0-0: Called Strike
0-1: Called Strike
0-2: Strikes out swinging
Batting: LHB Murray Sperber 0-0: Fly out, F7 (Flyball, 78D, EV 99.4 MPH)
Bottom of the 4th over - 0 runs, 0 hits, 0 errors, 0 left on base; Long Island 4 - Detroit 0
TOP OF THE 5TH
Long Island Lighthouse batting - Pitching for Detroit Elite : RHP Shiki Yamamoto
Batting: RHB Eugene Bennett 0-0: Swinging Strike
0-1: Swinging Strike
0-2: SINGLE (Groundball, 6MD, EV 99.4 MPH)
Batting: RHB Mark Toope 0-0: Called Strike
0-1: Foul Ball, location: 2F
0-2: Fly out, F9 (Flyball, 89M, EV 93.1 MPH)
Batting: RHB Jonas van Claveren 0-0: Foul Ball, location: 2F
0-1: Ball
1-1: Called Strike
1-2: Ball
2-2: Foul Ball, location: 2F
2-2: Foul Ball, location: 2F
2-2: SINGLE (Flyball, 7LS, EV 88.8 MPH)
Eugene Bennett to second
Batting: LHB Scott Kerin 0-0: Ground out U3 (Groundball, 3S, EV 71.2 MPH)
Eugene Bennett to third
Jonas van Claveren to second
Batting: RHB Iiri Haapajarvi 0-0: Ball
1-0: Ball
2-0: Called Strike
2-1: Ball
3-1: Called Strike
3-2: Strikes out looking
Top of the 5th over - 0 runs, 2 hits, 0 errors, 2 left on base; Long Island 4 - Detroit 0
BOTTOM OF THE 5TH
Detroit Elite batting - Pitching for Long Island Lighthouse : RHP Clarence Jones
Batting: RHB Freedon Akinmoladun 0-0: Foul Ball, location: 2F
0-1: Ground out 5-3 (Groundball, 56, EV 83.1 MPH)
Batting: RHB Juan Amengual 0-0: Ground out 4-3 (Groundball, 4S, EV 76.9 MPH)
Batting: RHB Víctor Cuevas 0-0: SINGLE (Line Drive, 8RS, EV 100.6 MPH)
Batting: RHB Sergio Aguero 0-0: Ball
Pickoff Throw to First - Error! E1
Víctor Cuevas to second
1-0: 2-RUN HOME RUN (Flyball, 7D, EV 98.1 MPH), Distance : 362 ft
Batting: RHB Dejmi Dumervil 0-0: Called Strike
0-1: Ball
1-1: Foul Ball, location: 2F
1-2: SINGLE (Line Drive, 34D, EV 106.9 MPH)
Batting: RHB Jeff Solís 0-0: Called Strike
0-1: Ball
1-1: Ball
Wild Pitch!
Dejmi Dumervil to second
2-1: Foul Ball, location: 2F
2-2: Foul Ball, location: 2F
2-2: SINGLE (Groundball, 6D, EV 101.9 MPH)
Dejmi Dumervil to third
Runner from 3rd tries for Home, SAFE, throw by CF to home
Batting: LHB Jack McCusker 0-0: Ball
1-0: Ball
2-0: Called Strike
2-1: Swinging Strike
2-2: Strikes out swinging
Bottom of the 5th over - 3 runs, 4 hits, 1 error, 1 left on base; Long Island 4 - Detroit 3
TOP OF THE 6TH
Long Island Lighthouse batting - Pitching for Detroit Elite : RHP Shiki Yamamoto
Batting: RHB Colm Goodwill 0-0: Ball
1-0: Ball
2-0: Ball
3-0: Called Strike
3-1: Foul Ball, location: 2F
3-2: Foul Ball, location: 2F
3-2: Ground out 5-3 (Groundball, 56, EV 85.0 MPH)
Batting: RHB Oliver Villalva 0-0: Ball
1-0: Ball
2-0: Ground out U3 (Groundball, 3L, EV 88.8 MPH)
Batting: RHB Quan Easterling 0-0: Called Strike
0-1: Ball
1-1: Foul Ball, location: 2F
1-2: Ball
2-2: Foul Ball, location: 2F
2-2: Ball
3-2: Fly out, F4 (Popup, 4, EV 60.0 MPH)
Top of the 6th over - 0 runs, 0 hits, 0 errors, 0 left on base; Long Island 4 - Detroit 3
BOTTOM OF THE 6TH
Detroit Elite batting - Pitching for Long Island Lighthouse : RHP Clarence Jones
Batting: RHB Amon-Ra St. Brown 0-0: Ball
1-0: Swinging Strike
1-1: Called Strike
1-2: Foul Ball, location: 2F
1-2: Foul Ball, location: 2F
1-2: Strikes out looking
Batting: LHB Murray Sperber 0-0: Ball
1-0: Called Strike
1-1: Ball
2-1: Foul Ball, location: 2F
2-2: Fly out, F3 (Flyball, 3D, EV 91.2 MPH)
Batting: RHB Freedon Akinmoladun 0-0: Ball
1-0: Foul Ball, location: 2F
1-1: Ball
2-1: SINGLE (Line Drive, 8LS, EV 101.9 MPH)
Batting: RHB Juan Amengual 0-0: Called Strike
0-1: Swinging Strike
0-2: Foul Ball, location: 2F
0-2: Ball
1-2: SINGLE (Flyball, 7S, EV 93.8 MPH)
Freedon Akinmoladun to second
Batting: RHB Víctor Cuevas 0-0: Ball
1-0: Foul Ball, location: 2F
1-1: Ball
2-1: Ball
3-1: Swinging Strike
3-2: Foul Ball, location: 2F
3-2: Strikes out swinging
Bottom of the 6th over - 0 runs, 2 hits, 0 errors, 2 left on base; Long Island 4 - Detroit 3
TOP OF THE 7TH
Long Island Lighthouse batting - Pitching for Detroit Elite : RHP Shiki Yamamoto
Batting: RHB Carlos Mendoza 0-0: Ball
1-0: Called Strike
1-1: Ground out 4-3 (Groundball, 4, EV 83.1 MPH)
Batting: RHB Eugene Bennett 0-0: Ball
1-0: Called Strike
1-1: Ball
2-1: Ball
3-1: Ground out 4-3 (Groundball, 4, EV 86.9 MPH)
Batting: RHB Mark Toope 0-0: Foul Ball, location: 2F
0-1: Called Strike
0-2: Ball
1-2: Foul Ball, location: 2F
1-2: Ball
2-2: Foul Ball, location: 2F
2-2: Fly out, F8 (Flyball, 89D, EV 96.9 MPH)
Top of the 7th over - 0 runs, 0 hits, 0 errors, 0 left on base; Long Island 4 - Detroit 3
BOTTOM OF THE 7TH
Detroit Elite batting - Pitching for Long Island Lighthouse : RHP Clarence Jones
Pitching: RHP Jorge Villanueva
Batting: RHB Sergio Aguero 0-0: Ball
1-0: Ball
2-0: Foul Ball, location: 2F
2-1: Ground out 4-3 (Groundball, 4S, EV 86.9 MPH)
Batting: RHB Dejmi Dumervil 0-0: Ball
1-0: Foul Ball, location: 2F
1-1: Ball
2-1: SINGLE (Groundball, 6M, EV 96.9 MPH) (infield hit)
Batting: RHB Jeff Solís 0-0: Ball
Dejmi Dumervil steals 2nd base
1-0: Ball
2-0: Called Strike
2-1: Called Strike
2-2: Strikes out swinging
Batting: LHB Jack McCusker 0-0: Ball
1-0: SINGLE (Groundball, 4D, EV 96.2 MPH)
Dejmi Dumervil to third
Runner from 3rd tries for Home, SAFE, no throw by CF
Batting: RHB Amon-Ra St. Brown 0-0: Called Strike
0-1: Fly out, F4 (Line Drive, 4, EV 66.9 MPH)
Bottom of the 7th over - 1 run, 2 hits, 0 errors, 1 left on base; Long Island 4 - Detroit 4
TOP OF THE 8TH
Long Island Lighthouse batting - Pitching for Detroit Elite : RHP Shiki Yamamoto
Batting: RHB Jonas van Claveren 0-0: Ball
1-0: Ball
2-0: Called Strike
2-1: Swinging Strike
2-2: Ball
3-2: Fly out, F4 (Popup, 3S, EV 79.4 MPH)
Pitching: LHP Paco Salazar
Batting: LHB Scott Kerin 0-0: Ball
1-0: Ball
2-0: Called Strike
2-1: DOUBLE (Flyball, 78D, EV 110.0 MPH)
Batting: RHB Iiri Haapajarvi 0-0: Ball
1-0: Ground out 4-3 (Groundball, 4M, EV 81.9 MPH)
Scott Kerin to third
Batting: RHB Colm Goodwill 0-0: Called Strike
0-1: Ball
1-1: Foul Ball, location: 2F
1-2: Foul Ball, location: 2F
1-2: Ball
2-2: Foul Ball, location: 2F
2-2: Foul Ball, location: 2F
2-2: SINGLE (Groundball, 56D, EV 96.2 MPH)
Scott Kerin scores
Batting: RHB Oliver Villalva 0-0: Ball
1-0: Called Strike
1-1: Ball
2-1: Foul Ball, location: 2F
2-2: Fielders Choice at 2nd, 6-4 (Groundball, 6, EV 105.0 MPH)
Top of the 8th over - 1 run, 2 hits, 0 errors, 1 left on base; Long Island 5 - Detroit 4
BOTTOM OF THE 8TH
Detroit Elite batting - Pitching for Long Island Lighthouse : RHP Jorge Villanueva
Batting: LHB Murray Sperber 0-0: Foul Ball, location: 2F
0-1: Ground out U3 (Groundball, 3, EV 86.2 MPH)
Batting: RHB Freedon Akinmoladun 0-0: Ball
1-0: Ground out 6-3 (Groundball, 56S, EV 70.6 MPH)
Batting: RHB Juan Amengual 0-0: Fly out, F8 (Flyball, 8RD, EV 101.2 MPH)
Bottom of the 8th over - 0 runs, 0 hits, 0 errors, 0 left on base; Long Island 5 - Detroit 4
TOP OF THE 9TH
Long Island Lighthouse batting - Pitching for Detroit Elite : LHP Paco Salazar
Pitching: RHP Maverick McNealy
Batting: RHB Quan Easterling 0-0: Swinging Strike
0-1: Swinging Strike
0-2: Strikes out swinging
Batting: RHB Carlos Mendoza 0-0: Fly out, F8 (Flyball, 8LM, EV 93.8 MPH)
Batting: RHB Eugene Bennett 0-0: Ball
1-0: Ball
2-0: Called Strike
2-1: Ground out 6-3 (Groundball, 6, EV 88.1 MPH)
Top of the 9th over - 0 runs, 0 hits, 0 errors, 0 left on base; Long Island 5 - Detroit 4
BOTTOM OF THE 9TH
Detroit Elite batting - Pitching for Long Island Lighthouse : RHP Jorge Villanueva
Pitching: RHP Carlos Rodríguez
Batting: RHB Víctor Cuevas 0-0: Ball
1-0: Called Strike
1-1: Ground out 1-3 (Groundball, 15, EV 66.9 MPH)
Batting: RHB Sergio Aguero 0-0: Foul Ball, location: 2F
0-1: Swinging Strike
0-2: Strikes out swinging
Batting: RHB Dejmi Dumervil 0-0: Ball
1-0: Ball
2-0: Foul Ball, location: 2F
2-1: Swinging Strike
2-2: Foul Ball, location: 2F
2-2: Strikes out swinging
Bottom of the 9th over - 0 runs, 0 hits, 0 errors, 0 left on base; Long Island 5 - Detroit 4
Friday, March 26th, 2021 - OOTP Baseball 20.8 Build 74